 Dungeon Crawl Stone Soup version 0.31-a0-851-g7ff8af7976 (webtiles) character file.

Game seed: 10492531794863492200

12448 Armakuni the Grappler (level 11, -12/89 HPs)
             Began as a Troll Shapeshifter on Oct 8, 2023.
             Was a Believer of the Shining One.
             Mangled by a manticore (19 damage)
             ... on level 11 of the Dungeon.
             The game lasted 00:22:09 (9197 turns).

Armakuni the Grappler (Troll Shapeshifter)          Turns: 9197, Time: 00:22:10

Health: -12/89     AC:  2    Str: 24    XL:     11   Next: 62%
Magic:  11/14      EV: 10    Int: 10    God:    the Shining One [**....]
Gold:   419        SH:  9    Dex: 13    Spells: 4/10 levels left

rFire   . .          .
                       - Unarmed
rCold   + + .        (no shield)
rNeg    + . .        a - melded +2 acid dragon scales
rPois   +            (helmet restricted)
rElec   .            (no cloak)
rCorr   .            (gloves unavailable)
SInv    .            (boots unavailable)
Will    ++...        A - amulet of the acrobat
Stlth   +            J - ring "Ymymen" {Fly rC++ Will++ Dex+4}
HPRegen 1.14/turn    P - ring of poison resistance
MPRegen 0.14/turn

%: acrobat
@: divinely shielded, maw-form, flying, glowing
A: devouring maw, large, unfitting armour, claws 3, regeneration 1, shaggy fur
1, tough skin 1
a: Begin Untransformation, Renounce Religion, Divine Shield


You were on level 11 of the Dungeon.
You worshipped the Shining One.
The Shining One was pleased with you.
You were a creature with a mouth for a stomach.
You visited 2 branches of the dungeon, and saw 12 of its levels.
You also visited: Sewer.

You collected 503 gold pieces.
You spent 84 gold pieces at shops.

Inventory:

Hand Weapons
 b - a +1 demon whip of venom
 e - the +4 quarterstaff "Wurut" {antimagic, rElec Str+2}
   (You found it on level 9 of the Dungeon)

   Str+2:     It affects your strength (+2).
   rElec:     It insulates you from electricity.
Missiles
 f - 3 throwing nets
 z - 2 curare-tipped darts
Armour
 a - +2 acid dragon scales (melded)
Jewellery
 A - an amulet of the acrobat (around neck)
 G - an amulet of faith
 H - a ring of willpower
 J - the ring "Ymymen" (left claw) {Fly rC++ Will++ Dex+4}
   (You acquired it on level 4 of the Dungeon)

   [ring of flight]

   Dex+4:     It affects your dexterity (+4).
   rC++:      It greatly protects you from cold.
   Will++:    It greatly increases your willpower.
   Fly:       It grants you flight.
 M - an amulet of magic regeneration
 P - a ring of poison resistance (right claw)
 W - a ring of wizardry
Talismans
 c - a beast talisman
 w - a maw talisman (active)
Wands
 j - a wand of iceblast (6) (quivered)
 m - a wand of mindburst (9)
 p - a wand of paralysis (16)
 E - a wand of acid (5)
Scrolls
 g - a scroll of poison
 n - 2 scrolls of vulnerability
 q - 2 scrolls of noise
 r - a scroll of identify
 t - 3 scrolls of revelation
 u - 3 scrolls of silence
 x - 3 scrolls of teleportation
 y - a scroll of fog
 D - a scroll of immolation
Potions
 d - 3 potions of brilliance
 h - a potion of enlightenment {unknown}
 k - 3 potions of haste
 l - 3 potions of mutation {unknown}
 o - a potion of degeneration {unknown}
 s - 2 potions of curing {unknown}
 v - a potion of might {unknown}
 B - a potion of cancellation {unknown}
 C - 3 potions of magic {unknown}
 F - a potion of attraction {unknown}


   Skills:
 - Level 0.7 Fighting
 - Level 4.0 Armour
 - Level 1.5 Dodging
 - Level 11.7 Unarmed Combat
 + Level 6.4 Invocations
 - Level 5.0 Evocations
 - Level 10.0 Shapeshifting


You had 4 spell levels left.
You knew the following spells:

 Your Spells              Type           Power      Damage    Failure   Level
b - Blink                 Tloc           0%         N/A       50%         2
m - Iskenderun's Mystic   Conj/Tloc      0%         2d3       98%         4

Your spell library contained the following spells:

 Spells                   Type           Power      Damage    Failure   Level
 Slow                     Hex            0%         N/A       36%         1
 Sublimation of Blood     Necr           0%         N/A       50%         2
 Ignite Poison            Fire/Tmut/Pois 0%         N/A       75%         3
 Mephitic Cloud           Conj/Pois/Air  0%         N/A       75%         3
 Anguish                  Hex/Necr       0%         N/A       98%         4
 Cause Fear               Hex            0%         N/A       98%         4
 Manifold Assault         Tloc           0%         N/A       98%         4
 Petrify                  Tmut/Erth      0%         N/A       98%         4
 Irradiate                Conj/Tmut      0%         3d11      100%        5
 Spellforged Servitor     Conj/Summ      0%         N/A       100%        7


Dungeon Overview and Level Annotations

Branches:
Dungeon (11/15)            Temple (1/1) D:7            Lair (0/5) D:9
    Orc (0/2) D:11          Sewer (visited)

Altars:
Ashenzari
Cheibriados
Dithmenos
Elyvilon
Fedhas
Gozag
Hepliaklqana
Kikubaaqudgha
Makhleb
Nemelex Xobeh
Okawaru
Qazlal
Ru
Sif Muna
Trog
Uskayaw
Vehumet
Wu Jian
Xom
Yredelemnul
Zin
The Shining One

Shops:
D:3 ?   D:4 (


Innate Abilities, Weirdness & Mutations

You are a creature with a mouth for a stomach.
Your midsection houses a second, enormous mouth.
You are too large for most types of armour.
You have claws for hands.
Your natural rate of healing is unusually fast.
You are covered in fur. (AC +1)
You have tough skin. (AC +1)


Message History

The cyclops hits you!
You claw the cyclops! You bite the cyclops!
The cyclops is heavily wounded.
You mangle the cyclops!!
You devour half of the cyclops!
You feel better.
You kill the cyclops!
An orc comes into view. It is wielding a +0 club.
Your Invocations skill increases to level 6!
Things that are here:
a +0 dagger; a +0 robe; an orc corpse You start waiting.
There are monsters nearby!
The yak bellows!
You hear a bellow!
You hear a shout!
The manticore completely misses you. x2; The manticore closely misses you.
You claw the yak!
The yak is moderately wounded.
The yak gores you! The manticore bites you!
The manticore closely misses you. x2
You completely miss the yak. You bite the yak!
The yak is severely wounded.
The yak gores you but does no damage. The manticore bites you!
The manticore claws you! The manticore closely misses you.
You claw the yak!
You devour the yak!
You feel better.
You kill the yak!
You claw the manticore! You bite the manticore!
The manticore is moderately wounded.
The manticore bites you! The manticore claws you. The manticore claws you!
* * * LOW HITPOINT WARNING * * *
A divine shield forms around you!
You can no longer channel blasts of cleansing flame.
The manticore bites you!!
* * * LOW HITPOINT WARNING * * *
The manticore claws you! The Shining One protects you from harm!
The manticore barely misses you. You block the orc's attack.
Okay, then.
Okay, then.
Unknown command.
You claw the orc!
You devour the orc!
You feel better.
You kill the orc!
The manticore bites you!!
You die...

### ###...<..YYY.
#.......##.##.#..
.....##.##.# #
####.##..........#
#..........#######
#.##.#.......
######.##..Y....#
#.......#Y......#
#...<...WH......#
#....###........#
#....# #.#........
#....###.##.......
#........# ###.###
########## .# #


You could see a manticore and 2 yaks.

Vanquished Creatures
  Erica (D:9)
  Amaemon (D:9)
  A flayed ghost (D:9)
  Pikel (D:5)
  A cyclops (D:11)
  Joseph (D:7)
  An orange demon (D:9)
  A kobold demonologist (D:9)
  A troll (D:10)
  Prince Ribbit (D:5)
  2 shadows (D:9)
  17 yaks
  3 wraiths (D:9)
  A wyvern (D:9)
  2 steam dragons
  9 fire bats (D:9)
  Grum (D:8)
  2 acid dragons
  An ice beast (D:6)
  4 sky beasts
  An ogre (D:3)
  3 wolves
  3 lemures (D:5)
  6 kobold brigands
  2 bullfrogs
  3 scorpions
  10 wights
  6 killer bees (D:10)
  2 howler monkeys (D:7)
  A centaur zombie (D:7)
  4 jellies
  4 orc priests
  3 hounds
  A gnoll bouda (D:7)
  3 iguanas
  2 sleepcaps
  9 orc wizards
  A statue (D:4)
  A killer bee zombie (D:7)
  8 gnolls
  10 adders
  6 river rats
  3 white imps
  An ufetubus (D:6)
  4 worms
  18 orcs
  5 ball pythons
  57 bats
  7 endoplasms
  3 giant cockroaches
  4 hobgoblins
  A jackal (Sewer)
  6 quokkas
  8 frilled lizards
  10 goblins
  16 kobolds
  9 rats
293 creatures vanquished.

Vanquished Creatures (others)
  An angel (D:4)
  An elf (D:1)
  A merfolk (D:1)
  2 trolls (D:1)
  A vampire (D:1)
  A formicid (D:1)
  A demigod (D:1)
  A dwarf (D:1)
  A tengu (D:1)
  An ogre (D:1)
  A felid (D:1)
  A mummy (D:1)
  A gnoll (D:1)
  2 orcs (D:1)
  A giant cockroach (D:4)
  4 tentacles (D:1)
21 creatures vanquished.

Grand Total: 314 creatures vanquished

Notes
Turn   | Place    | Note
-------+----------+-------------------------------------------
     0 | D:1      | Armakuni the Troll Shapeshifter began the quest for the
                  | Orb.
     0 | D:1      | Reached XP level 1. HP: 18/18 MP: 0/0
     2 | D:1      | Noticed a tengu
     2 | D:1      | Noticed a formicid
     2 | D:1      | Noticed an ogre
     2 | D:1      | Noticed a dwarf
     2 | D:1      | Noticed a merfolk
     2 | D:1      | Noticed a troll
     2 | D:1      | Noticed a demigod
     2 | D:1      | Noticed a kraken
     2 | D:1      | Noticed a felid
     2 | D:1      | Noticed a troll
     2 | D:1      | Noticed an elf
     2 | D:1      | Noticed a vampire
     3 | D:1      | Killed a troll
     7 | D:1      | Killed a merfolk
     7 | D:1      | Killed a felid
     8 | D:1      | Killed a dwarf
     8 | D:1      | Killed a demigod
     9 | D:1      | Killed an elf
    10 | D:1      | Killed an ogre
    11 | D:1      | Killed a tengu
    12 | D:1      | Killed a vampire
    13 | D:1      | Killed a troll
    13 | D:1      | Killed a formicid
    39 | D:1      | Found a faded altar of an unknown god.
   146 | D:1      | Reached XP level 2. HP: 26/26 MP: 1/1
   358 | D:1      | You fall into a shaft and drop 1 floor!
   419 | D:1      | Got a gaudy book
   727 | D:2      | Reached skill level 4 in Unarmed Combat
   824 | D:2      | Reached XP level 3. HP: 32/32 MP: 2/2
  1150 | D:3      | Found a glowing drain.
  1162 | D:3      | Reached XP level 4. HP: 38/40 MP: 3/3
  1168 | D:3      | Reached skill level 5 in Unarmed Combat
  1171 | D:3      | Noticed an ogre
  1174 | Sewer    | Entered a sewer
  1209 | Sewer    | Noticed a kobold brigand
  1223 | Sewer    | Killed a kobold brigand
  1224 | Sewer    | Reached XP level 5. HP: 39/46 MP: 4/4
  1263 | Sewer    | Reached skill level 6 in Unarmed Combat
  1418 | Sewer    | Reached XP level 6. HP: 47/54 MP: 5/5
  1514 | Sewer    | Reached skill level 7 in Unarmed Combat
  2242 | D:3      | Found Tupidim's Magic Scroll Shop.
  2245 | D:3      | Bought a scroll of teleportation for 42 gold pieces
  2680 | D:3      | Bought a scroll of teleportation for 42 gold pieces
  2734 | D:4      | Found Osemnek's Weapon Boutique.
  2760 | D:4      | Noticed a steam dragon
  2780 | D:4      | Killed a steam dragon
  2781 | D:4      | Reached skill level 8 in Unarmed Combat
  2781 | D:4      | Reached XP level 7. HP: 21/61 MP: 6/6
  2819 | D:4      | Found an opulent altar of Gozag.
  2856 | D:4      | Identified a scroll of acquirement
  2856 | D:4      | Acquired the ring "Ymymen" {Fly rC++ Will++ Dex+4}
  2876 | D:4      | Found a radiant altar of Vehumet.
  2959 | D:4      | Found a glowing silver altar of Zin.
  2959 | D:4      | Found a shimmering altar of Xom.
  2959 | D:4      | Noticed an angel
  2987 | D:4      | Found a snail-covered altar of Cheibriados.
  2988 | D:4      | Found a blossoming altar of Fedhas.
  3058 | D:4      | Reached skill level 9 in Unarmed Combat
  3479 | D:4      | Killed an angel
  3546 | D:5      | Entered Level 5 of the Dungeon
  3602 | D:5      | Noticed Prince Ribbit
  3610 | D:5      | Killed Prince Ribbit
  3611 | D:5      | Reached skill level 10 in Unarmed Combat
  3611 | D:5      | Reached XP level 8. HP: 68/68 MP: 7/7
  3672 | D:5      | Found a bloodstained altar of Trog.
  3785 | D:5      | Noticed Pikel
  3813 | D:5      | Killed Pikel
  3814 | D:5      | Reached skill level 11 in Unarmed Combat
  4283 | D:6      | Reached skill level 1 in Evocations
  4360 | D:6      | Reached XP level 9. HP: 66/75 MP: 8/8
  5199 | D:7      | Noticed Joseph
  5212 | D:7      | Killed Joseph
  5557 | D:7      | Found a staircase to the Ecumenical Temple.
  5566 | Temple   | Entered the Ecumenical Temple
  5566 | Temple   | Noticed an Executioner
  5566 | Temple   | Noticed a Tzitzimitl
  5567 | Temple   | Noticed Kumnal the pandemonium lord
  5567 | Temple   | Noticed Pab Uwk the pandemonium lord
  5568 | Temple   | Noticed a Hell Sentinel
  5568 | Temple   | Noticed an ice devil
  5569 | Temple   | Noticed Rixoxuw the pandemonium lord
  5583 | Temple   | Became a worshipper of the Shining One
  5597 | Temple   | Noticed Tetzok the pandemonium lord
  5598 | Temple   | Noticed a sun demon
  5668 | D:7      | Found a basalt altar of Yredelemnul.
  6091 | D:7      | Reached skill level 5 in Evocations
  6304 | D:8      | Reached skill level 5 in Shapeshifting
  6362 | D:8      | Reached * piety under the Shining One
  6410 | D:8      | Found a shadowy altar of Dithmenos.
  6457 | D:8      | Reached skill level 1 in Invocations
  6482 | D:8      | Found a hide-covered altar of Uskayaw.
  6483 | D:8      | Noticed a +0 hand axe
  6483 | D:8      | Noticed a +0 hand axe
  6522 | D:8      | Found a sparkling altar of Nemelex Xobeh.
  7133 | D:9      | Noticed Grum
  7140 | D:8      | Killed Grum
  7141 | D:8      | Reached XP level 10. HP: 83/83 MP: 8/10
  7215 | D:9      | Found a staircase to the Lair.
  7284 | D:9      | Noticed an orange demon
  7284 | D:9      | Noticed Amaemon
  7302 | D:9      | Killed an orange demon
  7304 | D:9      | Killed Amaemon
  7305 | D:9      | Reached skill level 1 in Armour
  7400 | D:9      | Noticed Erica
  7428 | D:9      | Killed Erica
  7437 | D:9      | Reached ** piety under the Shining One
  7565 | D:9      | Noticed a smoke demon
  7805 | D:9      | Found a runed translucent door.
  7815 | D:9      | Found an ornate altar of the Wu Jian Council.
  7844 | D:9      | Found an iron altar of Okawaru.
  7865 | D:9      | Found an opulent altar of Gozag.
  7882 | D:9      | Found a white marble altar of Elyvilon.
  7930 | D:9      | Reached skill level 5 in Invocations
  7984 | D:9      | Found a hazy altar of Hepliaklqana.
  7992 | D:9      | Reached XP level 11. HP: 81/89 MP: 13/13
  8011 | D:9      | Learned a level 2 spell: Blink
  8022 | D:9      | Noticed a flayed ghost
  8032 | D:9      | Killed a flayed ghost
  8042 | D:9      | Got a quavering book
  8048 | D:9      | Learned a level 4 spell: Iskenderun's Mystic Blast
  8053 | D:9      | Identified the +4 quarterstaff "Wurut" {antimagic, rElec
                  | Str+2}
  8113 | D:9      | Found a shimmering altar of Xom.
  8168 | D:9      | Found a hazy altar of Hepliaklqana.
  8191 | D:10     | Entered Level 10 of the Dungeon
  8295 | D:10     | Identified the +9 long sword of the Maze {spect, Int+3}
  8658 | D:10     | Reached *** piety under the Shining One
  8826 | D:10     | Found a sacrificial altar of Ru.
  8831 | D:10     | Reached skill level 10 in Shapeshifting
  9070 | D:11     | Found a staircase to the Orcish Mines.
  9196 | D:11     | HP: 4/89 [manticore (22)]
  9196 | D:11     | The Shining One protects you from harm!
  9197 | D:11     | Mangled by a manticore

Illustrated notes

Levels and vault maps discovered:
D:1:      nicolae_arrival_kraken_aquarium_b, layout_rooms,
          chequers_ecumenical_altar_simple_redux
D:2:      layout_rooms, minmay_quadrilaterals
D:3:      layout_loops_ring, cheibrodos_sewer_entry_sluice, serial_shops,
          shop_statue, minmay_increasing_density
D:4:      layout_gridville, grunt_temple_overflow_order_and_chaos_1,
          vehumet_statue, mainiacjoe_overflow_surrounded_room,
          nicolae_overflow_squiral, serial_shops, nicolae_shop_advertising_works
          [nicolae_subvault_shop_adworks]
D:5:      layout_gridville, mainiacjoe_overflow_tiny_flanked,
          nicolae_kite_square_tiling_tiny, uniq_prince_ribbit1, uniq_pikel
D:6:      layout_basic, hangedman_abyss_or_decor_stabs, grunt_ministairs_10
D:7:      layout_basic, lemuel_zombie_altar_yredelemnul, temple_fountains,
          uniq_joseph
D:8:      layout_basic, lemuel_round_altar, dancing_weapons_uskayaw,
          lemuel_round_altar, kennysheep_diamond, chequers_serial_rivers_micro_e
D:9:      due_megacathedral, layout_basic, nzn_hepliaklqana_mist_gate,
          corexii_checkpoint_a, minmay_misc_feat_hallway, uniq_grum, uniq_erica,
          uniq_amaemon
D:10:     layout_roguey, nicolae_ru_awakened_eye, serial_corexii_hall,
          chequers_hall_statues_y, corexii_hall_statues_u,
          chequers_hall_statues_y
D:11:     layout_loops_cross, minmay_orc_entry_temple_small
Temple:   nicolae_temple_panitentiary

Skill      XL: |  1  2  3  4  5  6  7  8  9 10 11 |
---------------+----------------------------------+-----
Unarmed Combat | 4 5 6 8 10 11 | 11.7
Evocations     | 2 5 |  5.0
Shapeshifting  | 5 7 10 | 10.0
Invocations    | 1 5 6 |  6.4
Armour         | 4 |  4.0
Fighting       | |  0.7
Dodging        | |  1.5

Action                     |  1- 3 |  4- 6 |  7- 9 | 10-12 || total
---------------------------+-------+-------+-------+-------++-------
  Melee: Unarmed           |    86 |   112 |   239 |   251 ||   688
         Punch             |     4 |     7 |    16 |    13 ||    40
         Maw               |       |       |       |     9 ||     9
 Invoke: Divine Shield     |       |       |       |     2 ||     2
  Evoke: Wand              |       |       |       |     4 ||     4
    Use: Scroll            |     4 |     4 |     4 |     6 ||    18
         Potion            |       |     1 |     3 |     2 ||     6
   Stab: Sleeping          |       |       |     4 |       ||     4
 Armour: Animal skin       |    52 |    68 |   123 |     2 ||   245
         Skin              |       |     2 |    11 |    30 ||    43
         Acid dragon scale |       |       |       |   169 ||   169
  Dodge: Dodged            |    44 |    39 |   126 |   196 ||   405
  Block: Other             |       |       |       |     2 ||     2
   Form: Maw               |       |       |       |     1 ||     1

Table legend: (Time is in decaauts)
 A = Elapsed time spent in this place.
 B = Non-inter-level travel time spent in this place.
 C = Inter-level travel time spent in this place.
 D = Time resting spent in this place.
 E = Time spent auto-exploring this place.
 F = Levels seen in this place.
 G = Mean time per level.
                   A        B        C        D        E       F      G
               +--------+--------+--------+--------+--------+-----+--------+
         Total |   9082 |   8625 |    457 |    397 |   6270 |  13 |  698.6 |
       Dungeon |   8391 |   7950 |    441 |    374 |   5864 |  11 |  762.8 |
        Temple |     34 |     18 |     16 |      0 |      0 |   1 |   34.0 |
         Sewer |    656 |    656 |      0 |     22 |    406 |   1 |  656.0 |
               +--------+--------+--------+--------+--------+-----+--------+

Top non-repeatable levels by time:
     D:7: 1219 daAuts
     D:8: 958 daAuts
     D:9: 944 daAuts
    D:10: 944 daAuts
     D:4: 883 daAuts
     D:3: 856 daAuts
     D:6: 816 daAuts
   Sewer: 656 daAuts
     D:5: 605 daAuts
     D:1: 601 daAuts
     D:2: 519 daAuts
    D:11: 42 daAuts
  Temple: 34 daAuts
